 Dungeon Crawl Stone Soup version 0.31.0-1-g2c135a008e (webtiles) character file.

Game seed: 2195470322848575980

235274 qw the Marksdjinni (level 20, -10/163 HPs)
             Began as a Djinni Hunter on Jan 23, 2024.
             Was the Champion of Okawaru.
             Killed from afar by an ironbound frostheart (34 damage)
             ... by creeping frost
             ... on level 3 of the Vaults.
             The game lasted 00:04:49 (29007 turns).

qw the Marksdjinni (Djinni Hunter)                 Turns: 29007, Time: 00:04:50

Health: -10/163    AC: 17    Str: 12    XL:     20   Next: 41%
Gold:   2676       EV: 34    Int:  8    God:    Okawaru [******] SH:  5 Dex: 31

rFire   + + +        f - +27 heavy crossbow "Sniper" {heavy, Acc+∞ SInv}
rCold   x . .        (shield currently unavailable)
rNeg    . . .        l - +0 swamp dragon scales
rPois   inf          e - +2 hat of Shielding {Fly rF+ Stlth+}
rElec   .            n - +0 cloak of Fedhas's Pride {rF+ Str+2 Int-4 Stlth+}
rCorr   .            b - +2 pair of gloves
SInv    +            (boots unavailable)
Will    ++...        t - amulet of reflection
Stlth   ++++         q - +5 ring of evasion
HPRegen 0.47/turn    a - +6 ring of dexterity
MPRegen 0.00/turn

%: random rage (3%), reflection, infuse magic (-11 HP)
@: about to teleport, frozen, flying, very slow
A: sickness immunity, fire resistance 2, cold vulnerability 1, float, innate
caster, HP casting, extra vitality 1, horns 1, berserk 1, robust 1
}: 1/15 runes: serpentine
a: Renounce Religion, Heroism, Finesse, Duel


You were on level 3 of the Vaults.
You worshipped Okawaru.
Okawaru was exalted by your worship.
You visited 7 branches of the dungeon, and saw 33 of its levels.
You also visited: Sewer.

You collected 4316 gold pieces.
You spent 1640 gold pieces at shops.


Innate Abilities, Weirdness & Mutations

You are immune to sickness and miasma.
You are immune to poison.
Your flesh is very heat resistant. (rF++)
You are vulnerable to cold. (rC-)
You float through the air rather than walking.
You learn spells naturally, not from books.
Your magical power is your life essence.
You have superior vitality. (+4 MHP)
You have a pair of small horns on your head.
You sometimes lose your temper in combat.
You are robust. (+10% HP)


   Skills:
 + Level 15.2 Fighting
 - Level 20.0 Ranged Weapons
 - Level 10.0 Armour
 - Level 18.5 Dodging
 - Level 0.7 Stealth
 - Level 10.0 Invocations


You knew the following spells:

 Your Spells              Type           Power      Damage    Failure   Level
a - Kiss of Death         Conj/Necr      0%         2d5       63%         1
b - Ensorcelled Hibernat  Hex/Ice        0%         N/A       77%         2
c - Ozocubu's Armour      Ice            0%         N/A       94%         3
d - Ignite Poison         Fire/Alch      0%         N/A       100%        4
e - Brom's Barrelling Bo  Conj/Erth      0%         2d3       100%        4
f - Curse of Agony        Necr           0%         N/A       100%        5
g - Dispersal             Tloc           0%         N/A       100%        6
h - Eringya's Noxious Bo  Alch           0%         4d6       100%        6
i - Orb of Destruction    Conj           0%         9d5       100%        7
Your spell library was empty.

Inventory:

Hand Weapons
 f - the +27 heavy crossbow "Sniper" (weapon) {heavy, Acc+∞ SInv}
   (Okawaru gifted it to you on level 11 of the Dungeon)

   Acc+∞: It never misses its target.
   SInv:      It lets you see invisible.
Armour
 b - a +2 pair of gloves (worn)
 e - the +2 hat of Shielding (worn) {Fly rF+ Stlth+}
   (Okawaru gifted it to you on level 11 of the Dungeon)

   rF+:       It protects you from fire.
   Fly:       It grants you flight.
   Stlth+:    It makes you more stealthy.
 i - a +3 troll leather armour {Pargi}
 l - +0 swamp dragon scales (worn)
 n - the +0 cloak of Fedhas's Pride (worn) {rF+ Str+2 Int-4 Stlth+}
   (You bought it in a shop on level 5 of the Dungeon)

   Str+2:     It affects your strength (+2).
   Int-4:     It affects your intelligence (-4).
   rF+:       It protects you from fire.
   Stlth+:    It makes you more stealthy.
 x - a +2 leather armour of fire resistance
 B - a +3 ring mail of poison resistance
Jewellery
 a - a +6 ring of dexterity (right hand)
 q - a +5 ring of evasion (left hand)
 r - the amulet "Ynnul" {Acrobat rElec rPois rF+ Dex-3}
   (You acquired it on level 2 of the Lair of Beasts)

   [amulet of the acrobat]

   Acrobat:   It increases your evasion while moving and waiting.
   Dex-3:     It affects your dexterity (-3).
   rF+:       It protects you from fire.
   rElec:     It insulates you from electricity.
   rPois:     It protects you from poison
 t - an amulet of reflection (around neck)
 u - the amulet "Iliana" {Acrobat Harm Will++ Slay+2 SInv}
   (You took it off a vault guard on level 1 of the Vaults)

   [amulet of the acrobat]

   Acrobat:   It increases your evasion while moving and waiting.
   Slay+2:    It affects your accuracy & damage with ranged weapons and melee
   (+2).
   Will++:    It greatly increases your willpower.
   SInv:      It lets you see invisible.
   Harm:      It increases damage dealt and taken.
 v - a ring of protection from fire
Wands
 d - a wand of polymorph (7)
 o - a wand of iceblast (14)
 s - a wand of paralysis (38)
 y - a wand of light (3)
Scrolls
 c - 7 scrolls of identify
 m - 18 scrolls of teleportation
 p - a scroll of brand weapon
 w - 4 scrolls of enchant weapon
Potions
 g - 16 potions of curing
 h - 2 potions of might
 j - 3 potions of cancellation
 k - 11 potions of enlightenment
 z - 6 potions of haste
 A - a potion of heal wounds

Dungeon Overview and Level Annotations

Branches:
Dungeon (15/15)            Temple (1/1) D:4            Lair (5/5) D:11
 Shoals (3/4) Lair:3        Snake (4/4) Lair:3        Slime (0/5) Lair:4
    Orc (2/2) D:10            Elf (0/3) Orc:2        Vaults (3/5) D:14
  Crypt (0/3) Vaults:2     Depths (0/4) D:15          Sewer (visited)

Altars:
Ashenzari
Cheibriados
Dithmenos
Elyvilon
Fedhas
Gozag
Hepliaklqana
Makhleb
Nemelex Xobeh
Okawaru
Qazlal
Ru
Trog
Uskayaw
Wu Jian
Xom
Yredelemnul
Zin
The Shining One
Jiyva

Shops:
D:5 *(   Orc:1 ?   Orc:2 (::*   Snake:3 ?   Vaults:2 ((:[[

Annotations:
D:10 5 runed translucent doors
Snake:1 2 transporters, Zonian's ghost, adept HOFi


Message History

The centaur warrior shoots an arrow.
The arrow misses you.
The centaur warrior shoots an arrow.
You block the arrow with an invisible shield... and reflect it back!
The arrow barely misses the centaur warrior.
The centaur warrior shoots an arrow.
The arrow hits you!!
The centaur warrior shoots an arrow.
The arrow misses you.
The centaur warrior shoots an arrow.
The arrow completely misses you.
The centaur warrior shoots an arrow.
The arrow hits you!
You shoot a bolt. The bolt hits the centaur warrior!!!!
You kill the centaur warrior!
Okawaru accepts your kill.
The centaur warrior shoots an arrow.
The arrow completely misses you.
The centaur warrior shoots an arrow.
The arrow hits you!!
The centaur warrior shoots an arrow.
The arrow completely misses you.
You shoot a bolt. The bolt hits the centaur warrior!
The centaur warrior is moderately wounded.
The centaur warrior shoots an arrow.
The arrow hits you!!
The centaur warrior shoots an arrow.
You block the arrow with an invisible shield... and reflect it back!
The arrow barely misses the centaur warrior.
The arrow hits the ironbound frostheart!
You shoot a bolt. The bolt hits the centaur warrior!!!!
You kill the centaur warrior!
Okawaru accepts your kill.
The ironbound frostheart closely misses you.
You shoot a bolt.
The bolt hits the ironbound frostheart!!
The ironbound frostheart is severely wounded.
The ironbound frostheart barely misses you.
The ironbound frostheart calls freezing cold from the walls.
The frost grips you!!
You feel a terrible chill!
You are encased in ice.
The ironbound frostheart calls freezing cold from the walls.
The frost grips you!!!
You feel a terrible chill!
29007 ||| READING 19 scrolls of teleportation.
As you read the scroll of teleportation, it crumbles to dust.
You feel strangely unstable.
The ironbound frostheart calls freezing cold from the walls.
The frost grips you!!
You feel a terrible chill!
You die...

#..............#
#..............#
#.....#####....#
#...### ###..+ ##
#...# #..# #..
#.### #..# #...
#...+ #..#
#..#...+ #..#
#..p@..+ #..#
#..)##...+ #..# ##
#...+ #..# #.###
#..# #.. #..#
#...# ###..###
#.....#####....#..
#..............#..
............').


You could see an ironbound frostheart.

Vanquished Creatures
  Saint Roka (Orc:2)
  Bai Suzhen (Snake:4)
  Vashnia (Snake:4)
  Mlioglotl (Snake:4)
  Aizul (Vaults:2)
  Donald (Snake:4)
  A tengu reaver (Vaults:3)
  5 nagarajas (Snake:4)
  Ilsuiw (Shoals:3)
  Louise (D:15)
  2 vault wardens (Vaults:1)
  6 ironbound preservers
  A stone giant (Vaults:1)
  A formless jellyfish (Vaults:1)
  3 ironbound thunderhulks
  Nessos (D:12)
  An ettin (Orc:2)
  2 merfolk javelineers
  3 yaktaur captains
  A merfolk impaler (Shoals:3)
  A rakshasa (D:11)
  A fire dragon (D:15)
  3 great orbs of eyes
  A deep elf high priest (D:11)
  3 vault guards (Vaults:1)
  2 hydras
  An ironbound frostheart (Vaults:2)
  3 boulder beetles
  2 salamander tyrants
  14 centaur warriors
  3 catoblepae (Lair:5)
  13 anacondas
  An ogre mage (D:15)
  A satyr (Shoals:2)
  A merfolk aquamancer (Shoals:1)
  9 two-headed ogres
  A sphinx skeleton (D:15)
  6 death yaks (Lair:5)
  17 naga warriors
  A tengu warrior (D:14)
  3 orc high priests (Orc:2)
  A shock serpent (Snake:2)
  Sonja (D:10)
  7 hell knights (D:15)
  13 naga sharpshooters
  3 salamander mystics
  7 skysharks
  6 sea snakes
  7 skeletal warriors (D:15)
  16 deep trolls
  A flayed ghost (D:15)
  4 mana vipers
  9 lindwurms
  6 ironbound convokers
  6 naga ritualists
  A steelbarb worm (shapeshifter) (Vaults:1)
  2 orc knights
  A necromancer (D:15)
  A phantasmal warrior (Vaults:1)
  30 harpies
  A wolf spider (D:14)
  4 orc sorcerers (Orc:2)
  8 cyclopes
  6 fauns
  30 ugly things
  11 salamanders
  13 manticores
  A meliai (shapeshifter) (D:13)
  24 black mambas
  Maurice (D:8)
  16 naga magi
  A meliai (D:14)
  4 merfolk sirens
  A water nymph (Shoals:1)
  8 cane toads
  2 black mambas (shapeshifter)
  6 guardian serpents
  3 vault sentinels
  4 elephants (Lair:3)
  5 torpor snails
  5 gargoyles
  Maggie (Lair:1)
  5 unseen horrors
  12 komodo dragons
  13 yaktaurs
  3 rime drakes (Lair:3)
  2 kobold demonologists
  A freezing wraith (Vaults:1)
  2 tengu conjurers (D:14)
  An efreet (D:14)
  A polar bear (shapeshifter) (D:8)
  3 polar bears
  9 trolls
  15 merfolk
  2 hornets (D:9)
  26 blink frogs
  15 dream sheep
  2 spriggan zombies (D:15)
  2 wind drakes
  11 snapping turtles
  Sigmund (D:2)
  2 vampires (D:11)
  7 slime creatures
  3 water elementals
  5 wraiths
  3 wyverns
  70 yaks
  7 basilisks
  A steam dragon (Lair:3)
  5 wargs
  18 vampire mosquitoes
  28 nagas
  7 hell hounds (D:15)
  4 acid dragons
  18 water moccasins
  Pargi (Sewer)
  26 orc warriors
  A swamp drake (D:11)
  2 sky beasts
  14 wolves
  2 ice beasts
  7 ogres
  A boggart (D:14)
  6 centaurs
  7 kobold brigands
  A brain worm (Sewer)
  4 gnoll sergeants
  3 scorpions
  13 bullfrogs
  7 wights
  7 killer bees (D:11)
  4 howler monkeys (D:10)
  An electric eel (Lair:3)
  6 lava snakes
  6 jellies
  2 bombardier beetles (D:5)
  26 orc priests
  An iguana (D:6)
  3 sleepcaps
  48 orc wizards
  A boggart simulacrum (D:15)
  12 gnolls
  9 adders
  2 white imps
  4 ufetubi (D:5)
  4 dart slugs
  70 orcs
  10 endoplasms
  2 giant cockroaches (D:3)
  5 goblins (D:1)
  8 hobgoblins
  5 jackals (D:1)
  24 kobolds
  4 quokkas
  3 ball pythons (D:4)
  9 bats
  13 frilled lizards
  4 rats
1091 creatures vanquished.

Vanquished Creatures (others)
  An ironbound preserver (Vaults:1)
  An orc (Orc:2)
2 creatures vanquished.

Grand Total: 1093 creatures vanquished

Notes
Turn   | Place    | Note
-------+----------+-------------------------------------------
     0 | D:1      | qw the Djinni Hunter began the quest for the Orb.
     0 | D:1      | Reached XP level 1. HP: 18/18 MP: 0/0
     0 | D:1      | 0 ||| qw: Version: 0.3-a-136-gdd3b4e8
     0 | D:1      | 0 ||| qw: Game counter: 1030
     0 | D:1      | 0 ||| qw: Melee chars always use a shield: true
     0 | D:1      | 0 ||| qw: God list: Okawaru
     0 | D:1      | 0 ||| qw: Allow faded altars: false
     0 | D:1      | 0 ||| qw: Do Orc after clearing Dungeon:15 true
     0 | D:1      | 0 ||| qw: Do second Lair branch before Depths: true
     0 | D:1      | 0 ||| qw: Lair rune preference: random
     0 | D:1      | 0 ||| qw: Goals: Normal
     0 | D:1      | 0 ||| PLANNING D:1-11
    34 | D:1      | Reached XP level 2. HP: 23/23 MP: 0/0
   462 | D:1      | Reached skill level 4 in Ranged Weapons
   462 | D:1      | Reached XP level 3. HP: 28/28 MP: 0/0
   462 | D:1      | Learned a level 1 spell: Kiss of Death
   919 | D:1      | 919 ||| UPGRADING to ring of ice.
   920 | D:1      | 920 ||| READING scroll labelled WUUFINN RULUCI.
   920 | D:1      | Identified a scroll of acquirement
   920 | D:1      | 920 ||| ACQUIRING +5 hand cannon of freezing
   920 | D:1      | Acquired a +5 hand cannon of freezing
   922 | D:1      | 922 ||| SWAPPING to +5 hand cannon of freezing.
   923 | D:1      | 923 ||| DROPPING +0 shortbow.
   924 | D:1      | 924 ||| READING scroll labelled SOWAAPP HEEF.
   925 | D:1      | 925 ||| READING scroll labelled FUQOEVVEEMOZA.
   926 | D:1      | 926 ||| READING 2 scrolls labelled AVEJOCOAMM.
   926 | D:1      | 926 ||| IDENTIFYING silvery potion
   927 | D:1      | 927 ||| DROPPING scroll of butterflies.
  1121 | D:2      | Reached XP level 4. HP: 34/34 MP: 0/0
  1137 | D:2      | Reached skill level 3 in Fighting
  1263 | D:2      | Noticed Sigmund
  1267 | D:2      | Killed Sigmund
  1268 | D:2      | Reached XP level 5. HP: 34/40 MP: 0/0
  1268 | D:2      | Learned a level 2 spell: Ensorcelled Hibernation
  1268 | D:2      | Reached XP level 6. HP: 40/46 MP: 0/0
  1671 | D:2      | 1671 ||| UPGRADING to +2 pair of gloves.
  1676 | D:2      | 1676 ||| UPGRADING to +0 ring mail.
  1686 | D:2      | 1686 ||| DROPPING +0 leather armour.
  1687 | D:2      | 1687 ||| READING scroll of identify.
  1687 | D:2      | 1687 ||| IDENTIFYING lumpy silvery potion
  1688 | D:2      | 1688 ||| READING 2 scrolls labelled ESHRUGRI FOGEWK.
  1689 | D:2      | 1689 ||| DROPPING scroll of noise.
  1690 | D:2      | 1690 ||| DROPPING potion of attraction.
  2016 | D:3      | Reached skill level 1 in Armour
  2369 | D:3      | 2369 ||| UPGRADING to +6 ring of dexterity.
  2370 | D:3      | 2370 ||| READING scroll of identify.
  2370 | D:3      | 2370 ||| IDENTIFYING coppery potion
  2371 | D:3      | 2371 ||| READING scroll labelled NUIHAK KAURR.
  2371 | D:3      | 2371 ||| ENCHANTING +5 hand cannon of freezing.
  2372 | D:3      | 2372 ||| DRINKING 2 fuming ruby potions.
  2381 | D:4      | 2381 ||| PLANNING SEWER
  2464 | D:4      | Noticed an ice beast
  2467 | D:4      | Killed an ice beast
  2468 | D:4      | Reached XP level 7. HP: 50/50 MP: 0/0
  2468 | D:4      | Learned a level 3 spell: Ozocubu's Armour
  2810 | D:4      | Found a glowing drain.
  2812 | D:4      | 2812 ||| READING scroll of identify.
  2812 | D:4      | 2812 ||| IDENTIFYING clear potion
  2813 | D:4      | 2813 ||| READING scroll labelled ZEMEKH EGOGO.
  2914 | D:4      | 2914 ||| READING scroll labelled ARYGUMUOME.
  2915 | D:4      | 2915 ||| DROPPING potion of degeneration.
  2924 | Sewer    | Entered a sewer
  2926 | Sewer    | Noticed Pargi
  2928 | Sewer    | Reached skill level 5 in Ranged Weapons
  2933 | Sewer    | Killed Pargi
  3082 | Sewer    | 3082 ||| UPGRADING to +0 troll leather armour {Pargi}.
  3092 | Sewer    | 3092 ||| DROPPING +0 ring mail.
  3095 | D:4      | 3095 ||| PLANNING D:1-11
  3149 | D:4      | 3149 ||| PLANNING TEMPLE
  3175 | D:4      | Found a staircase to the Ecumenical Temple.
  3183 | Temple   | Entered the Ecumenical Temple
  3184 | Temple   | 3184 ||| PLANNING OKAWARU WORSHIP
  3224 | Temple   | Became a worshipper of Warmaster Okawaru
  3225 | Temple   | 3225 ||| PLANNING D:1-11
  3298 | D:4      | Reached XP level 8. HP: 57/58 MP: 0/0
  3467 | D:5      | Entered Level 5 of the Dungeon
  3469 | D:5      | Reached skill level 6 in Ranged Weapons
  3527 | D:5      | Found Akeneidi's Weapon Emporium.
  3561 | D:5      | Found Girphuf's Neck Hole.
  3568 | D:5      | 3568 ||| BUYING +0 cloak (49 gold).
  3568 | D:5      | Bought a +0 cloak for 49 gold pieces
  3568 | D:5      | 3568 ||| BUYING +0 cloak of Fedhas's Pride {rF+ Str+2 Int-4
                  | Stlth+} (188 gold).
  3568 | D:5      | Bought the +0 cloak of Fedhas's Pride {rF+ Str+2 Int-4
                  | Stlth+} for 188 gold pieces
  3568 | D:5      | 3568 ||| SHOPLISTING amulet of Ymnoos {Reflect rPois Int-3
                  | SH+5 Stlth+} (414 gold, have 56).
  3568 | D:5      | 3568 ||| SHOPLISTING amulet of regeneration (330 gold, have
                  | 56).
  3568 | D:5      | 3568 ||| SHOPLISTING scarf of repulsion (132 gold, have
                  | 56).
  3645 | D:5      | Found an ornate altar of the Wu Jian Council.
  3989 | D:5      | 3989 ||| UPGRADING to +0 cloak.
  3994 | D:5      | 3994 ||| UPGRADING to +0 cloak of Fedhas's Pride {rF+ Str+2
                  | Int-4 Stlth+}.
  4004 | D:5      | 4004 ||| DROPPING +0 cloak.
  4005 | D:5      | 4005 ||| UPGRADING to amulet of reflection.
  4010 | D:5      | 4010 ||| READING scroll of identify.
  4010 | D:5      | 4010 ||| IDENTIFYING ruby potion
  4011 | D:5      | 4011 ||| READING scroll labelled NENIUMP REUME.
  4012 | D:5      | 4012 ||| READING scroll labelled EKHU FOSAXEH.
  4013 | D:5      | 4013 ||| DRINKING 2 yellow potions.
  4014 | D:5      | 4014 ||| DROPPING potion of ambrosia.
  4037 | D:6      | 4037 ||| STAIRDANCE
  4041 | D:6      | 4041 ||| STAIRDANCE
  4046 | D:6      | 4046 ||| STAIRDANCE
  4054 | D:6      | Reached skill level 7 in Ranged Weapons
  4055 | D:6      | 4055 ||| STAIRDANCE
  4064 | D:6      | Reached * piety under Okawaru
  4109 | D:6      | 4109 ||| RETREEEEATING.
  4111 | D:6      | 4111 ||| RETREEEEATING.
  4112 | D:6      | 4112 ||| RETREEEEATING.
  4115 | D:6      | Reached skill level 1 in Invocations
  4120 | D:6      | Reached XP level 9. HP: 41/65 MP: 0/0
  4120 | D:6      | Learned a level 4 spell: Ignite Poison
  4126 | D:6      | Reached skill level 6 in Dodging
  4132 | D:6      | Reached skill level 3 in Invocations
  4400 | D:6      | Reached ** piety under Okawaru
  4443 | D:6      | Found a glowing golden altar of the Shining One.
  4655 | D:6      | 4655 ||| UPGRADING to +0 helmet.
  4660 | D:6      | 4660 ||| UPGRADING to +2 helmet.
  4670 | D:6      | 4670 ||| DROPPING +0 helmet.
  4671 | D:6      | 4671 ||| UPGRADING to +4 ring of protection.
  4673 | D:6      | 4673 ||| DROPPING ring of positive energy.
  4674 | D:6      | 4674 ||| DROPPING ring of ice.
  4675 | D:6      | 4675 ||| READING 2 scrolls of identify.
  4675 | D:6      | 4675 ||| IDENTIFYING black potion
  4676 | D:6      | 4676 ||| READING scroll of identify.
  4676 | D:6      | 4676 ||| IDENTIFYING fizzy pink potion
  4677 | D:6      | 4677 ||| DRINKING potion of mutation.
  4677 | D:6      | Gained mutation: You have a pair of small horns on your
                  | head. [potion of mutation]
  4677 | D:6      | Gained mutation: You are occasionally teleported next to
                  | monsters. [potion of mutation]
  4677 | D:6      | Gained mutation: You occasionally shout uncontrollably at
                  | your foes. [potion of mutation]
  4678 | D:6      | 4678 ||| DROPPING +2 helmet.
  4679 | D:6      | 4679 ||| READING scroll labelled GAAFIWKESTRE.
  4780 | D:6      | 4780 ||| READING scroll labelled TISENNI RIC.
  4829 | D:7      | 4829 ||| STAIRDANCE
  4989 | D:7      | Reached skill level 8 in Ranged Weapons
  5259 | D:7      | Found a shimmering altar of Xom.
  5259 | D:7      | Noticed a two-headed ogre
  5260 | D:7      | 5260 ||| INVOKING Heroism.
  5264 | D:7      | Killed a two-headed ogre
  5265 | D:7      | Reached XP level 10. HP: 48/70 MP: 0/0
  5296 | D:7      | Found a snail-covered altar of Cheibriados.
  5469 | D:7      | 5469 ||| READING 3 scrolls of enchant armour.
  5469 | D:7      | 5469 ||| ENCHANTING +0 troll leather armour {Pargi}.
  5470 | D:7      | 5470 ||| READING 2 scrolls of enchant armour.
  5470 | D:7      | 5470 ||| ENCHANTING +1 troll leather armour {Pargi}.
  5471 | D:7      | 5471 ||| READING scroll of enchant armour.
  5471 | D:7      | 5471 ||| ENCHANTING +2 troll leather armour {Pargi}.
  5545 | D:7      | 5545 ||| READING 2 scrolls labelled PUOBRAEPAE.
  5674 | D:8      | 5674 ||| DRINKING potion of mutation.
  5674 | D:8      | Lost mutation: You occasionally shout uncontrollably at
                  | your foes. [potion of mutation]
  5674 | D:8      | Lost mutation: You are occasionally teleported next to
                  | monsters. [potion of mutation]
  5674 | D:8      | Lost mutation: You have a pair of small horns on your head.
                  | [potion of mutation]
  5674 | D:8      | Gained mutation: You are partially covered in iridescent
                  | scales. (AC +2) [potion of mutation]
  5738 | D:8      | Reached skill level 6 in Fighting
  5833 | D:8      | 5833 ||| RETREEEEATING.
  5835 | D:8      | 5835 ||| RETREEEEATING.
  5837 | D:8      | 5837 ||| RETREEEEATING.
  5839 | D:8      | 5839 ||| RETREEEEATING.
  5841 | D:8      | 5841 ||| RETREEEEATING.
  5851 | D:8      | Reached *** piety under Okawaru
  5977 | D:8      | Found a broken altar of Ashenzari.
  5980 | D:8      | Noticed Maurice
  5981 | D:8      | 5981 ||| INVOKING Heroism.
  5988 | D:8      | Paralysed by Maurice for 3 turns
  5992 | D:8      | Killed Maurice
  6137 | D:8      | Reached skill level 9 in Ranged Weapons
  6168 | D:8      | Noticed a brown ugly thing
  6169 | D:8      | 6169 ||| ZAPPING wand of light (3) at -2,4 (brown ugly
                  | thing; floor).
  6170 | D:8      | 6170 ||| INVOKING Heroism.
  6172 | D:8      | Noticed a manticore
  6174 | D:8      | Killed a brown ugly thing
  6179 | D:8      | Killed a manticore
  6180 | D:8      | Reached skill level 9 in Dodging
  6338 | D:8      | 6338 ||| READING scroll of identify.
  6338 | D:8      | 6338 ||| IDENTIFYING pink potion
  6339 | D:8      | 6339 ||| DRINKING 2 metallic puce potions.
  6390 | D:8      | 6390 ||| DRINKING 3 white potions.
  6391 | D:8      | 6391 ||| DROPPING potion of invisibility.
  6392 | D:8      | 6392 ||| DROPPING potion of lignification.
  6393 | D:8      | 6393 ||| DROPPING 2 potions of brilliance.
  6411 | D:9      | 6411 ||| RETREEEEATING.
  6412 | D:9      | 6412 ||| RETREEEEATING.
  6413 | D:9      | 6413 ||| RETREEEEATING.
  6416 | D:9      | 6416 ||| RETREEEEATING.
  6418 | D:9      | 6418 ||| RETREEEEATING.
  6419 | D:9      | Reached **** piety under Okawaru
  6427 | D:9      | Reached XP level 11. HP: 79/79 MP: 0/0
  6427 | D:9      | Learned a level 4 spell: Brom's Barrelling Boulder
  6525 | D:9      | 6525 ||| RETREEEEATING.
  6527 | D:9      | 6527 ||| RETREEEEATING.
  6528 | D:9      | 6528 ||| RETREEEEATING.
  6529 | D:9      | 6529 ||| RETREEEEATING.
  6530 | D:9      | 6530 ||| RETREEEEATING.
  6598 | D:9      | Noticed an entropy weaver
  6599 | D:9      | 6599 ||| INVOKING Finesse.
  6600 | D:9      | 6600 ||| INVOKING Heroism.
  6601 | D:9      | an entropy weaver changed into a black mamba
  6641 | D:9      | Reached skill level 6 in Invocations
  6707 | D:9      | Noticed a manticore
  6710 | D:9      | 6710 ||| INVOKING Finesse.
  6714 | D:9      | Killed a manticore
  6715 | D:9      | Reached skill level 10 in Ranged Weapons
  7424 | D:10     | Entered Level 10 of the Dungeon
  7443 | D:10     | 7443 ||| FLEEEEING.
  7446 | D:10     | 7446 ||| FLEEEEING.
  7447 | D:10     | 7447 ||| FLEEEEING.
  7448 | D:10     | 7448 ||| FLEEEEING.
  7449 | D:10     | 7449 ||| FLEEEEING.
  7450 | D:10     | 7450 ||| FLEEEEING.
  7451 | D:10     | 7451 ||| FLEEEEING.
  7452 | D:10     | 7452 ||| STAIRDANCE
  7456 | D:10     | 7456 ||| STAIRDANCE
  7514 | D:10     | Noticed Sonja
  7515 | D:10     | 7515 ||| INVOKING Finesse.
  7518 | D:10     | Killed Sonja
  7551 | D:10     | Found the +9 staff of Olgreb {rPois∞}
  7559 | D:10     | Found a runed translucent door.
  7564 | D:10     | Found a runed translucent gate.
  7564 | D:10     | Found a runed translucent gate.
  7564 | D:10     | Noticed a wolf spider
  7564 | D:10     | Noticed a wolf spider
  7565 | D:10     | Found a runed translucent door.
  7585 | D:10     | 7585 ||| RETREEEEATING.
  7586 | D:10     | 7586 ||| RETREEEEATING.
  7587 | D:10     | 7587 ||| RETREEEEATING.
  7615 | D:10     | Found a staircase to the Orcish Mines.
  7632 | D:10     | Noticed a two-headed ogre
  7633 | D:10     | 7633 ||| INVOKING Finesse.
  7640 | D:10     | Killed a two-headed ogre
  7640 | D:10     | Reached ***** piety under Okawaru
  7712 | D:10     | Found a runed translucent gate.
  7714 | D:10     | Noticed a wolf spider
  7736 | D:10     | Found Vep Areiment's Jewellery Emporium.
  7784 | D:10     | 7784 ||| Stepping randomly (disturbance).
  7785 | D:10     | 7785 ||| Stepping randomly (disturbance).
  7786 | D:10     | 7786 ||| Stepping randomly (disturbance).
  7802 | D:10     | Received a gift from Okawaru
  7934 | D:10     | 7934 ||| READING scroll of identify.
  7934 | D:10     | 7934 ||| IDENTIFYING bubbling purple potion
  7935 | D:10     | 7935 ||| DROPPING potion of berserk rage.
  7977 | D:11     | Noticed a deep elf high priest
  7978 | D:11     | 7978 ||| INVOKING Finesse.
  7982 | D:11     | Killed a deep elf high priest
  7983 | D:11     | Reached XP level 12. HP: 83/86 MP: 0/0
  7991 | D:11     | 7991 ||| DRINKING 3 potions of cancellation.
  8003 | D:11     | Noticed a rakshasa
  8004 | D:11     | 8004 ||| ZAPPING wand of light (2) at 2,3 (rakshasa;
                  | floor).
  8005 | D:11     | 8005 ||| INVOKING Finesse.
  8006 | D:11     | Noticed a two-headed ogre
  8009 | D:11     | Identified the +1 arbalest of the Tent {flame, rN++ Will+}
  8018 | D:11     | Killed a rakshasa
  8019 | D:11     | Reached skill level 9 in Invocations
  8027 | D:11     | Killed a two-headed ogre
  8029 | D:11     | Identified the ring "Rewoasil" {Fly Str+3}
  8040 | D:11     | HP: 16/86 [meliai/+0 war axe (13)]
  8041 | D:11     | 8041 ||| READING 2 scrolls of teleportation.
  8041 | D:11     | HP: 6/86 [meliai/+0 war axe (2)]
  8042 | D:11     | 8042 ||| DRINKING 2 potions of heal wounds.
  8045 | D:11     | HP: 1/86 [meliai/divine providence (14)]
  8046 | D:11     | 8046 ||| DRINKING potion of heal wounds.
  8198 | D:11     | 8198 ||| RETREEEEATING.
  8200 | D:11     | 8200 ||| RETREEEEATING.
  8201 | D:11     | 8201 ||| RETREEEEATING.
  8202 | D:11     | 8202 ||| RETREEEEATING.
  8203 | D:11     | 8203 ||| RETREEEEATING.
  8204 | D:11     | 8204 ||| RETREEEEATING.
  8205 | D:11     | 8205 ||| RETREEEEATING.
  8206 | D:11     | 8206 ||| RETREEEEATING.
  8207 | D:11     | 8207 ||| RETREEEEATING.
  8208 | D:11     | 8208 ||| RETREEEEATING.
  8209 | D:11     | 8209 ||| RETREEEEATING.
  8210 | D:11     | 8210 ||| RETREEEEATING.
  8211 | D:11     | 8211 ||| RETREEEEATING.
  8212 | D:11     | 8212 ||| RETREEEEATING.
  8213 | D:11     | 8213 ||| RETREEEEATING.
  8214 | D:11     | 8214 ||| RETREEEEATING.
  8215 | D:11     | 8215 ||| RETREEEEATING.
  8216 | D:11     | 8216 ||| RETREEEEATING.
  8233 | D:11     | Noticed a two-headed ogre
  8234 | D:11     | 8234 ||| INVOKING Finesse.
  8237 | D:11     | Killed a two-headed ogre
  8238 | D:11     | Reached skill level 11 in Ranged Weapons
  8417 | D:11     | 8417 ||| READING scroll of identify.
  8417 | D:11     | 8417 ||| IDENTIFYING scroll labelled LEUFUTIPRU
  8421 | D:11     | 8421 ||| RETREEEEATING.
  8449 | D:11     | Reached skill level 9 in Fighting
  8464 | D:11     | 8464 ||| READING scroll of enchant weapon.
  8464 | D:11     | 8464 ||| ENCHANTING +5 hand cannon of freezing.
  8492 | D:11     | 8492 ||| RETREEEEATING.
  8493 | D:11     | 8493 ||| INVOKING Finesse.
  8500 | D:11     | Reached skill level 3 in Armour
  8577 | D:11     | Noticed a two-headed ogre
  8577 | D:11     | 8577 ||| ZAPPING wand of light (1) at 1,-2 (two-headed
                  | ogre; shallow_water).
  8583 | D:11     | Reached XP level 13. HP: 82/94 MP: 0/0
  8583 | D:11     | Learned a level 5 spell: Curse of Agony
  8638 | D:11     | 8638 ||| Stepping randomly (disturbance).
  8956 | D:11     | Reached ****** piety under Okawaru
  8970 | D:11     | 8970 ||| INVOKING Receive Weapon.
  8970 | D:11     | 8970 ||| ACQUIRING +27 heavy crossbow "Sniper" {heavy,
                  | Acc+∞ SInv}
  8970 | D:11     | Acquired the +27 heavy crossbow "Sniper" {heavy, Acc+∞
                  | SInv}
  8970 | D:11     | Received a gift from Okawaru
  8970 | D:11     | Found the +27 heavy crossbow "Sniper" {heavy, Acc+∞ SInv}
  8971 | D:11     | 8971 ||| INVOKING Receive Armour.
  8971 | D:11     | 8971 ||| ACQUIRING +2 hat of Shielding {Fly rF+ Stlth+}
  8971 | D:11     | Acquired the +2 hat of Shielding {Fly rF+ Stlth+}
  8971 | D:11     | Received a gift from Okawaru
  8973 | D:11     | 8973 ||| SWAPPING to +27 heavy crossbow "Sniper" {heavy,
                  | Acc+∞ SInv}.
  8974 | D:11     | 8974 ||| DROPPING +6 hand cannon of freezing.
  9008 | D:11     | Reached skill level 12 in Ranged Weapons
  9043 | D:11     | Found a staircase to the Lair.
  9088 | D:11     | 9088 ||| PLANNING LAIR
  9088 | D:11     | 9088 ||| UPGRADING to +2 hat of Shielding {Fly rF+ Stlth+}.
  9110 | Lair:1   | Entered Level 1 of the Lair of Beasts
  9132 | Lair:1   | Received a gift from Okawaru
  9232 | Lair:1   | 9232 ||| RETREEEEATING.
  9234 | Lair:1   | 9234 ||| RETREEEEATING.
  9421 | Lair:1   | Noticed Maggie
  9432 | Lair:1   | Killed Maggie
  9452 | Lair:1   | 9452 ||| DRINKING potion of mutation.
  9452 | Lair:1   | Lost mutation: You are partially covered in iridescent
                  | scales. (AC +2) [potion of mutation]
  9452 | Lair:1   | Gained mutation: You sometimes lose your temper in combat.
                  | [potion of mutation]
  9527 | Lair:1   | 9527 ||| RETREEEEATING.
  9528 | Lair:1   | 9528 ||| RETREEEEATING.
  9529 | Lair:1   | 9529 ||| RETREEEEATING.
  9530 | Lair:1   | 9530 ||| RETREEEEATING.
  9531 | Lair:1   | 9531 ||| RETREEEEATING.
  9534 | Lair:1   | 9534 ||| RETREEEEATING.
  9535 | Lair:1   | 9535 ||| RETREEEEATING.
  9536 | Lair:1   | 9536 ||| RETREEEEATING.
  9537 | Lair:1   | 9537 ||| RETREEEEATING.
  9538 | Lair:1   | 9538 ||| RETREEEEATING.
  9972 | Lair:1   | 9972 ||| UPGRADING to +0 swamp dragon scales.
 10145 | Lair:2   | 10145 ||| RETREEEEATING.
 10146 | Lair:2   | 10146 ||| RETREEEEATING.
 10147 | Lair:2   | 10147 ||| RETREEEEATING.
 10150 | Lair:2   | 10150 ||| INVOKING Finesse.
 10152 | Lair:2   | Received a gift from Okawaru
 10188 | Lair:2   | 10188 ||| RETREEEEATING.
 10193 | Lair:2   | 10193 ||| INVOKING Finesse.
 10224 | Lair:2   | Noticed a seven-headed hydra
 10226 | Lair:2   | Killed a seven-headed hydra
 10227 | Lair:2   | Reached skill level 6 in Armour
 10280 | Lair:2   | 10280 ||| READING scroll of acquirement.
 10280 | Lair:2   | 10280 ||| ACQUIRING amulet "Ynnul" {Acrobat rElec rPois rF+
                  | Dex-3}
 10280 | Lair:2   | Acquired the amulet "Ynnul" {Acrobat rElec rPois rF+ Dex-3}
 10754 | Lair:3   | 10754 ||| RETREEEEATING.
 10755 | Lair:3   | 10755 ||| RETREEEEATING.
 10756 | Lair:3   | 10756 ||| RETREEEEATING.
 10757 | Lair:3   | 10757 ||| RETREEEEATING.
 10758 | Lair:3   | 10758 ||| RETREEEEATING.
 10759 | Lair:3   | 10759 ||| RETREEEEATING.
 10760 | Lair:3   | 10760 ||| INVOKING Finesse.
 10766 | Lair:3   | Reached XP level 14. HP: 92/103 MP: 0/0
 10781 | Lair:3   | Received a gift from Okawaru
 10782 | Lair:3   | Reached skill level 13 in Ranged Weapons
 10931 | Lair:3   | 10931 ||| DRINKING potion of mutation.
 10931 | Lair:3   | Lost mutation: You sometimes lose your temper in combat.
                  | [potion of mutation]
 10931 | Lair:3   | Gained mutation: Your natural rate of healing is unusually
                  | fast. [potion of mutation]
 10931 | Lair:3   | Gained mutation: You sometimes lose your temper in combat.
                  | [potion of mutation]
 10931 | Lair:3   | Gained mutation: You are robust. (+10% HP) [potion of
                  | mutation]
 10931 | Lair:3   | Gained mutation: You expend health (3 HP) to strengthen
                  | your wands. [potion of mutation]
 10941 | Lair:3   | 10941 ||| RETREEEEATING.
 10942 | Lair:3   | 10942 ||| RETREEEEATING.
 10943 | Lair:3   | 10943 ||| RETREEEEATING.
 10944 | Lair:3   | 10944 ||| RETREEEEATING.
 10945 | Lair:3   | 10945 ||| RETREEEEATING.
 10947 | Lair:3   | 10947 ||| RETREEEEATING.
 10948 | Lair:3   | 10948 ||| RETREEEEATING.
 10949 | Lair:3   | 10949 ||| RETREEEEATING.
 11007 | Lair:3   | 11007 ||| RETREEEEATING.
 11113 | Lair:3   | 11113 ||| RETREEEEATING.
 11254 | Lair:3   | Reached skill level 14 in Ranged Weapons
 11372 | Lair:3   | 11372 ||| INVOKING Finesse.
 11388 | Lair:3   | Found a snail-covered altar of Cheibriados.
 11453 | Lair:3   | Found a staircase to the Shoals.
 11455 | Lair:3   | Received a gift from Okawaru
 11551 | Lair:3   | Found a staircase to the Snake Pit.
 11787 | Lair:3   | 11787 ||| READING 5 scrolls of identify.
 11787 | Lair:3   | 11787 ||| IDENTIFYING scroll labelled JAIPLU KAQEIF
 11788 | Lair:3   | 11788 ||| DROPPING scroll of fog.
 11830 | Lair:4   | 11830 ||| RETREEEEATING.
 11831 | Lair:4   | 11831 ||| RETREEEEATING.
 11832 | Lair:4   | 11832 ||| RETREEEEATING.
 11833 | Lair:4   | 11833 ||| RETREEEEATING.
 11834 | Lair:4   | 11834 ||| RETREEEEATING.
 11835 | Lair:4   | 11835 ||| RETREEEEATING.
 11836 | Lair:4   | 11836 ||| RETREEEEATING.
 11943 | Lair:4   | Found a viscous altar of Jiyva.
 12379 | Lair:4   | Found a staircase to the Slime Pits.
 12502 | Lair:5   | Entered Level 5 of the Lair of Beasts
 12567 | Lair:5   | 12567 ||| RETREEEEATING.
 12569 | Lair:5   | 12569 ||| RETREEEEATING.
 12576 | Lair:5   | 12576 ||| RETREEEEATING.
 12755 | Lair:5   | Received a gift from Okawaru
 12757 | Lair:5   | 12757 ||| RETREEEEATING.
 12758 | Lair:5   | 12758 ||| RETREEEEATING.
 12759 | Lair:5   | 12759 ||| RETREEEEATING.
 12760 | Lair:5   | 12760 ||| RETREEEEATING.
 12761 | Lair:5   | 12761 ||| RETREEEEATING.
 12762 | Lair:5   | 12762 ||| RETREEEEATING.
 12763 | Lair:5   | 12763 ||| RETREEEEATING.
 12765 | Lair:5   | Reached skill level 12 in Dodging
 12765 | Lair:5   | 12765 ||| RETREEEEATING.
 12766 | Lair:5   | 12766 ||| RETREEEEATING.
 12767 | Lair:5   | 12767 ||| RETREEEEATING.
 12768 | Lair:5   | 12768 ||| RETREEEEATING.
 12769 | Lair:5   | 12769 ||| RETREEEEATING.
 12770 | Lair:5   | 12770 ||| RETREEEEATING.
 12771 | Lair:5   | 12771 ||| RETREEEEATING.
 12772 | Lair:5   | 12772 ||| RETREEEEATING.
 12773 | Lair:5   | 12773 ||| RETREEEEATING.
 12774 | Lair:5   | 12774 ||| RETREEEEATING.
 12775 | Lair:5   | 12775 ||| RETREEEEATING.
 12776 | Lair:5   | 12776 ||| RETREEEEATING.
 12777 | Lair:5   | 12777 ||| RETREEEEATING.
 12778 | Lair:5   | 12778 ||| RETREEEEATING.
 12779 | Lair:5   | 12779 ||| RETREEEEATING.
 12780 | Lair:5   | 12780 ||| RETREEEEATING.
 12781 | Lair:5   | 12781 ||| RETREEEEATING.
 12782 | Lair:5   | 12782 ||| RETREEEEATING.
 12783 | Lair:5   | 12783 ||| RETREEEEATING.
 12784 | Lair:5   | 12784 ||| RETREEEEATING.
 12785 | Lair:5   | 12785 ||| RETREEEEATING.
 12786 | Lair:5   | 12786 ||| RETREEEEATING.
 12787 | Lair:5   | 12787 ||| RETREEEEATING.
 12788 | Lair:5   | 12788 ||| RETREEEEATING.
 12789 | Lair:5   | 12789 ||| RETREEEEATING.
 12790 | Lair:5   | 12790 ||| INVOKING Finesse.
 12791 | Lair:5   | 12791 ||| RETREEEEATING.
 12792 | Lair:5   | 12792 ||| RETREEEEATING.
 12793 | Lair:5   | 12793 ||| RETREEEEATING.
 12794 | Lair:5   | 12794 ||| RETREEEEATING.
 12795 | Lair:5   | 12795 ||| RETREEEEATING.
 12796 | Lair:5   | 12796 ||| RETREEEEATING.
 12797 | Lair:5   | 12797 ||| RETREEEEATING.
 12800 | Lair:5   | 12800 ||| RETREEEEATING.
 12801 | Lair:5   | 12801 ||| RETREEEEATING.
 12802 | Lair:5   | 12802 ||| RETREEEEATING.
 12803 | Lair:5   | 12803 ||| RETREEEEATING.
 12804 | Lair:5   | 12804 ||| RETREEEEATING.
 12805 | Lair:5   | 12805 ||| RETREEEEATING.
 12806 | Lair:5   | 12806 ||| RETREEEEATING.
 12807 | Lair:5   | 12807 ||| RETREEEEATING.
 12808 | Lair:5   | 12808 ||| RETREEEEATING.
 12809 | Lair:5   | 12809 ||| RETREEEEATING.
 12811 | Lair:5   | 12811 ||| RETREEEEATING.
 12812 | Lair:5   | 12812 ||| RETREEEEATING.
 12813 | Lair:5   | 12813 ||| RETREEEEATING.
 12814 | Lair:5   | 12814 ||| RETREEEEATING.
 12815 | Lair:5   | 12815 ||| RETREEEEATING.
 12816 | Lair:5   | 12816 ||| RETREEEEATING.
 12817 | Lair:5   | 12817 ||| RETREEEEATING.
 12818 | Lair:5   | 12818 ||| RETREEEEATING.
 12819 | Lair:5   | 12819 ||| RETREEEEATING.
 12821 | Lair:5   | 12821 ||| RETREEEEATING.
 12825 | Lair:5   | Reached XP level 15. HP: 121/121 MP: 0/0
 12825 | Lair:5   | Learned a level 6 spell: Dispersal
 12930 | Lair:5   | 12930 ||| RETREEEEATING.
 13042 | Lair:5   | 13042 ||| INVOKING Finesse.
 13043 | Lair:5   | 13043 ||| INVOKING Heroism.
 13215 | Lair:5   | Received a gift from Okawaru
 13251 | Lair:5   | 13251 ||| RETREEEEATING.
 13309 | Lair:5   | 13309 ||| Stepping ~*~*~tactically~*~*~ (cloud).
 13310 | Lair:5   | 13310 ||| Stepping ~*~*~tactically~*~*~ (cloud).
 13314 | Lair:5   | Reached skill level 15 in Ranged Weapons
 13398 | Lair:5   | Identified the granite talisman of the Clean God {rCorr
                  | Str+2 Int+2}
 13546 | Lair:5   | 13546 ||| PLANNING D
 14079 | D:12     | Noticed Nessos
 14081 | D:12     | Killed Nessos
 14083 | D:12     | 14083 ||| RETREEEEATING.
 14084 | D:12     | 14084 ||| RETREEEEATING.
 14085 | D:12     | 14085 ||| RETREEEEATING.
 14087 | D:12     | 14087 ||| RETREEEEATING.
 14088 | D:12     | 14088 ||| RETREEEEATING.
 14099 | D:12     | Received a gift from Okawaru
 14473 | D:12     | 14473 ||| READING 6 scrolls of identify.
 14473 | D:12     | 14473 ||| IDENTIFYING scroll labelled BOUMUA JAYW
 14474 | D:12     | 14474 ||| DROPPING scroll of immolation.
 14650 | D:13     | 14650 ||| READING scroll of acquirement.
 14650 | D:13     | 14650 ||| ACQUIRING 881 gold pieces
 14650 | D:13     | Acquired 881 gold pieces
 14993 | D:13     | 14993 ||| READING 7 scrolls of identify.
 14993 | D:13     | 14993 ||| IDENTIFYING sedimented dark potion
 14994 | D:13     | 14994 ||| READING 6 scrolls of identify.
 14994 | D:13     | 14994 ||| IDENTIFYING fuming golden potion
 15081 | D:14     | Reached skill level 12 in Fighting
 15085 | D:14     | 15085 ||| RETREEEEATING.
 15225 | D:14     | 15225 ||| RETREEEEATING.
 15226 | D:14     | 15226 ||| RETREEEEATING.
 15227 | D:14     | 15227 ||| RETREEEEATING.
 15228 | D:14     | 15228 ||| RETREEEEATING.
 15229 | D:14     | 15229 ||| RETREEEEATING.
 15230 | D:14     | 15230 ||| RETREEEEATING.
 15231 | D:14     | 15231 ||| RETREEEEATING.
 15232 | D:14     | 15232 ||| RETREEEEATING.
 15233 | D:14     | 15233 ||| RETREEEEATING.
 15234 | D:14     | 15234 ||| RETREEEEATING.
 15235 | D:14     | 15235 ||| RETREEEEATING.
 15236 | D:14     | 15236 ||| RETREEEEATING.
 15237 | D:14     | 15237 ||| RETREEEEATING.
 15238 | D:14     | 15238 ||| RETREEEEATING.
 15239 | D:14     | 15239 ||| RETREEEEATING.
 15240 | D:14     | 15240 ||| RETREEEEATING.
 15241 | D:14     | 15241 ||| RETREEEEATING.
 15242 | D:14     | 15242 ||| RETREEEEATING.
 15243 | D:14     | 15243 ||| RETREEEEATING.
 15250 | D:14     | Received a gift from Okawaru
 15252 | D:14     | Noticed an ironbound preserver
 15253 | D:14     | 15253 ||| INVOKING Finesse.
 15255 | D:14     | Killed an ironbound preserver
 15396 | D:14     | Found a gate to the Vaults.
 15405 | D:14     | 15405 ||| RETREEEEATING.
 15407 | D:14     | Reached XP level 16. HP: 129/129 MP: 0/0
 15523 | D:14     | 15523 ||| RETREEEEATING.
 15531 | D:14     | Received a gift from Okawaru
 15646 | D:14     | 15646 ||| RETREEEEATING.
 15647 | D:14     | 15647 ||| RETREEEEATING.
 15648 | D:14     | 15648 ||| RETREEEEATING.
 15649 | D:14     | 15649 ||| RETREEEEATING.
 15652 | D:14     | 15652 ||| RETREEEEATING.
 15653 | D:14     | 15653 ||| RETREEEEATING.
 15656 | D:14     | 15656 ||| RETREEEEATING.
 15657 | D:14     | 15657 ||| RETREEEEATING.
 15740 | D:14     | Found an iron altar of Okawaru.
 15803 | D:15     | Entered Level 15 of the Dungeon
 15845 | D:15     | 15845 ||| INVOKING Finesse.
 15865 | D:15     | Reached skill level 16 in Ranged Weapons
 15962 | D:15     | Received a gift from Okawaru
 16117 | D:15     | 16117 ||| RETREEEEATING.
 16123 | D:15     | 16123 ||| RETREEEEATING.
 16124 | D:15     | 16124 ||| RETREEEEATING.
 16182 | D:15     | Found a staircase to the Depths.
 16184 | D:15     | 16184 ||| INVOKING Finesse.
 16285 | D:15     | Noticed Louise
 16287 | D:15     | Killed Louise
 16287 | D:15     | Received a gift from Okawaru
 16304 | D:15     | 16304 ||| DRINKING potion of mutation.
 16304 | D:15     | Lost mutation: You sometimes lose your temper in combat.
                  | [potion of mutation]
 16304 | D:15     | Lost mutation: You expend health (3 HP) to strengthen your
                  | wands. [potion of mutation]
 16304 | D:15     | Gained mutation: You are strong-willed. (Will+) [potion of
                  | mutation]
 16304 | D:15     | Gained mutation: You are partially covered in iridescent
                  | scales. (AC +2) [potion of mutation]
 16304 | D:15     | Gained mutation: You heal very quickly. [potion of
                  | mutation]
 16669 | D:15     | 16669 ||| RETREEEEATING.
 16670 | D:15     | 16670 ||| RETREEEEATING.
 16672 | D:15     | 16672 ||| RETREEEEATING.
 16673 | D:15     | 16673 ||| RETREEEEATING.
 16675 | D:15     | 16675 ||| RETREEEEATING.
 16676 | D:15     | 16676 ||| RETREEEEATING.
 16677 | D:15     | 16677 ||| RETREEEEATING.
 16758 | D:15     | 16758 ||| PLANNING ORC
 16906 | Orc:1    | Entered Level 1 of the Orcish Mines
 16912 | Orc:1    | 16912 ||| STAIRDANCE
 16958 | Orc:1    | 16958 ||| STAIRDANCE
 17140 | Orc:2    | Entered Level 2 of the Orcish Mines
 17142 | Orc:2    | 17142 ||| INVOKING Finesse.
 17144 | Orc:2    | Noticed Saint Roka
 17145 | Orc:2    | Reached skill level 17 in Ranged Weapons
 17153 | Orc:2    | HP: 26/129 [Saint Roka/divine providence (10)]
 17154 | Orc:2    | 17154 ||| READING 12 scrolls of teleportation.
 17154 | Orc:2    | HP: 11/129 [orc warrior/+0 dire flail[an orc high priest]
                  | (17)]
 17155 | Orc:2    | 17155 ||| DRINKING 2 potions of heal wounds.
 17156 | Orc:2    | 17156 ||| DRINKING potion of heal wounds.
 17163 | Orc:2    | 17163 ||| FLEEEEING.
 17168 | Orc:2    | 17168 ||| FLEEEEING.
 17169 | Orc:2    | 17169 ||| FLEEEEING.
 17243 | Orc:2    | Found a staircase to the Elven Halls.
 17322 | Orc:2    | Reached XP level 17. HP: 97/137 MP: 0/0
 17322 | Orc:2    | Learned a level 6 spell: Eringya's Noxious Bog
 17326 | Orc:2    | 17326 ||| FLEEEEING.
 17327 | Orc:2    | 17327 ||| FLEEEEING.
 17345 | Orc:2    | Found Qetuf's Antique Weapon Shoppe.
 17345 | Orc:2    | Found Dikk's Book Emporium.
 17346 | Orc:2    | Found Ypnavuxt's Assorted Antiques.
 17350 | Orc:2    | Found Jobraph's Book Shoppe.
 17355 | Orc:2    | 17355 ||| BUYING glowing bone ring (150 gold).
 17355 | Orc:2    | Bought a glowing bone ring for 150 gold pieces
 17355 | Orc:2    | 17355 ||| BUYING potion of enlightenment (150 gold).
 17355 | Orc:2    | Bought a potion of enlightenment for 150 gold pieces
 17355 | Orc:2    | 17355 ||| BUYING potion of haste (300 gold).
 17355 | Orc:2    | Bought a potion of haste for 300 gold pieces
 17355 | Orc:2    | 17355 ||| BUYING scroll of teleportation (90 gold).
 17355 | Orc:2    | Bought a scroll of teleportation for 90 gold pieces
 17374 | Orc:2    | Received a gift from Okawaru
 17422 | Orc:2    | 17422 ||| FLEEEEING.
 17457 | Orc:2    | 17457 ||| FLEEEEING.
 17499 | Orc:2    | 17499 ||| INVOKING Finesse.
 17506 | Orc:2    | Killed Saint Roka
 17537 | Orc:2    | 17537 ||| UPGRADING to +5 ring of evasion.
 17539 | Orc:2    | 17539 ||| DROPPING +4 ring of protection.
 17562 | Orc:1    | Found Atuss's Magic Scroll Emporium.
 17571 | Orc:1    | 17571 ||| BUYING scroll of identify (34 gold).
 17571 | Orc:1    | Bought a scroll of identify for 34 gold pieces
 17571 | Orc:1    | 17571 ||| BUYING scroll of identify (34 gold).
 17571 | Orc:1    | Bought a scroll of identify for 34 gold pieces
 17571 | Orc:1    | 17571 ||| BUYING scroll of identify (34 gold).
 17571 | Orc:1    | Bought a scroll of identify for 34 gold pieces
 17571 | Orc:1    | 17571 ||| BUYING scroll of teleportation (51 gold).
 17571 | Orc:1    | Bought a scroll of teleportation for 51 gold pieces
 17711 | Orc:1    | 17711 ||| RETREEEEATING.
 17714 | Orc:1    | 17714 ||| RETREEEEATING.
 17715 | Orc:1    | 17715 ||| RETREEEEATING.
 17716 | Orc:1    | 17716 ||| RETREEEEATING.
 17717 | Orc:1    | 17717 ||| RETREEEEATING.
 17718 | Orc:1    | 17718 ||| RETREEEEATING.
 17719 | Orc:1    | 17719 ||| RETREEEEATING.
 18151 | Orc:2    | 18151 ||| PLANNING SNAKE:1-3
 18356 | Snake:1  | Entered Level 1 of the Snake Pit
 18357 | Snake:1  | 18357 ||| STAIRDANCE
 18361 | Snake:1  | 18361 ||| STAIRDANCE
 18453 | Snake:1  | Received a gift from Okawaru
 18715 | Snake:1  | Found a transporter.
 18723 | Snake:1  | Noticed Zonian's ghost (adept HOFi)
 18753 | Snake:1  | Reached skill level 15 in Dodging
 18805 | Snake:1  | Found a transporter.
 19408 | Snake:1  | 19408 ||| READING 8 scrolls of identify.
 19408 | Snake:1  | 19408 ||| IDENTIFYING sedimented purple potion
 19409 | Snake:1  | 19409 ||| DROPPING potion of magic.
 19504 | Snake:2  | 19504 ||| RETREEEEATING.
 19505 | Snake:2  | 19505 ||| RETREEEEATING.
 19506 | Snake:2  | 19506 ||| RETREEEEATING.
 19507 | Snake:2  | 19507 ||| RETREEEEATING.
 19508 | Snake:2  | 19508 ||| RETREEEEATING.
 19509 | Snake:2  | 19509 ||| RETREEEEATING.
 19511 | Snake:2  | Reached skill level 9 in Armour
 19815 | Snake:2  | 19815 ||| DRINKING 2 potions of mutation.
 19815 | Snake:2  | Lost mutation: You are robust. (+10% HP) [potion of
                  | mutation]
 19815 | Snake:2  | Lost mutation: You are strong-willed. (Will+) [potion of
                  | mutation]
 19815 | Snake:2  | Gained mutation: You are clumsy. (Dex -2) [potion of
                  | mutation]
 19815 | Snake:2  | Gained mutation: You are mostly covered in iridescent
                  | scales. (AC +4) [potion of mutation]
 19816 | Snake:2  | 19816 ||| DRINKING potion of mutation.
 19816 | Snake:2  | Lost mutation: You heal very quickly. [potion of mutation]
 19816 | Snake:2  | Lost mutation: You are clumsy. (Dex -2) [potion of
                  | mutation]
 19816 | Snake:2  | Lost mutation: Your natural rate of healing is unusually
                  | fast. [potion of mutation]
 19816 | Snake:2  | Gained mutation: Your flesh is almost immune to the effects
                  | of heat. (rF+++) [potion of mutation]
 19816 | Snake:2  | Lost mutation: Your flesh is almost immune to the effects
                  | of heat. (rF+++) [potion of mutation]
 19816 | Snake:2  | Gained mutation: You possess an exceptional clarity of
                  | mind. [potion of mutation]
 20692 | Snake:3  | Identified the +4 chain mail of Virtue {+Blink rF+ rC-}
 20827 | Snake:3  | Received a gift from Okawaru
 21005 | Snake:3  | Found Hashrobud's Magic Scroll Shoppe.
 21015 | Snake:3  | 21015 ||| BUYING scroll of teleportation (60 gold).
 21015 | Snake:3  | Bought a scroll of teleportation for 60 gold pieces
 21015 | Snake:3  | 21015 ||| BUYING scroll of teleportation (60 gold).
 21015 | Snake:3  | Bought a scroll of teleportation for 60 gold pieces
 21015 | Snake:3  | 21015 ||| BUYING scroll of teleportation (60 gold).
 21015 | Snake:3  | Bought a scroll of teleportation for 60 gold pieces
 21120 | Snake:3  | 21120 ||| PLANNING SHOALS:1-3
 21239 | Shoals:1 | Entered Level 1 of the Shoals
 21444 | Shoals:1 | 21444 ||| RETREEEEATING.
 21446 | Shoals:1 | Reached skill level 18 in Ranged Weapons
 21681 | Shoals:1 | Reached XP level 18. HP: 133/133 MP: 0/0
 22089 | Shoals:1 | 22089 ||| DROPPING wand of mindburst (21).
 22099 | Shoals:2 | 22099 ||| STAIRDANCE
 22188 | Shoals:2 | 22188 ||| STAIRDANCE
 22297 | Shoals:2 | 22297 ||| STAIRDANCE
 22401 | Shoals:2 | 22401 ||| INVOKING Finesse.
 22611 | Shoals:2 | Received a gift from Okawaru
 22647 | Shoals:2 | Found a glacial archway.
 22657 | Shoals:2 | 22657 ||| DRINKING potion of mutation.
 22657 | Shoals:2 | Lost mutation: You are mostly covered in iridescent scales.
                  | (AC +4) [potion of mutation]
 22657 | Shoals:2 | Lost mutation: You are partially covered in iridescent
                  | scales. (AC +2) [potion of mutation]
 22657 | Shoals:2 | Gained mutation: You are agile. (Dex +4, Str/Int -1)
                  | [potion of mutation]
 22657 | Shoals:2 | Gained mutation: You are very agile. (Dex +8, Str/Int -2)
                  | [potion of mutation]
 23214 | Shoals:2 | 23214 ||| DROPPING +6 ring of strength.
 23215 | Shoals:2 | 23215 ||| DROPPING ring of wizardry.
 23429 | Shoals:3 | Noticed Ilsuiw
 23431 | Shoals:3 | 23431 ||| RETREEEEATING.
 23434 | Shoals:3 | 23434 ||| RETREEEEATING.
 23436 | Shoals:3 | 23436 ||| RETREEEEATING.
 23437 | Shoals:3 | Killed Ilsuiw
 23678 | Shoals:3 | Received a gift from Okawaru
 23960 | Shoals:3 | 23960 ||| PLANNING SNAKE:4
 23960 | Shoals:3 | 23960 ||| DROPPING amulet of the acrobat.
 24159 | Snake:4  | Entered Level 4 of the Snake Pit
 24166 | Snake:4  | Identified the +0 kite shield "Mualonn" {rC+ Int+3 Dex+3}
 24166 | Snake:4  | Noticed Donald
 24168 | Snake:4  | 24168 ||| INVOKING Finesse.
 24169 | Snake:4  | Killed Donald
 24180 | Snake:4  | Noticed Mlioglotl
 24186 | Snake:4  | Killed Mlioglotl
 24248 | Snake:4  | Noticed Bai Suzhen
 24249 | Snake:4  | 24249 ||| INVOKING Finesse.
 24257 | Snake:4  | Killed Bai Suzhen
 24328 | Snake:4  | Noticed Vashnia
 24331 | Snake:4  | 24331 ||| ZAPPING wand of light (10) at 5,0 (Vashnia;
                  | floor).
 24332 | Snake:4  | 24332 ||| ZAPPING wand of light (9) at 4,0 (Vashnia;
                  | floor).
 24333 | Snake:4  | 24333 ||| INVOKING Finesse.
 24338 | Snake:4  | 24338 ||| FLEEEEING.
 24339 | Snake:4  | 24339 ||| FLEEEEING.
 24340 | Snake:4  | 24340 ||| FLEEEEING.
 24342 | Snake:4  | 24342 ||| FLEEEEING.
 24346 | Snake:4  | 24346 ||| FLEEEEING.
 24347 | Snake:4  | 24347 ||| FLEEEEING.
 24349 | Snake:4  | 24349 ||| FLEEEEING.
 24350 | Snake:4  | 24350 ||| FLEEEEING.
 24355 | Snake:4  | Killed Vashnia
 24357 | Snake:4  | HP: 30/135 [naga sharpshooter/arrow[Vashnia] (11)]
 24358 | Snake:4  | 24358 ||| READING 20 scrolls of teleportation.
 24620 | Snake:4  | Received a gift from Okawaru
 24890 | Snake:4  | Reached XP level 19. HP: 140/140 MP: 0/0
 24890 | Snake:4  | Learned a level 7 spell: Orb of Destruction
 24914 | Snake:4  | 24914 ||| INVOKING Finesse.
 24917 | Snake:4  | Reached skill level 19 in Ranged Weapons
 24960 | Snake:4  | 24960 ||| INVOKING Finesse.
 25059 | Snake:4  | 25059 ||| FLEEEEING.
 25061 | Snake:4  | 25061 ||| FLEEEEING.
 25062 | Snake:4  | 25062 ||| FLEEEEING.
 25063 | Snake:4  | 25063 ||| FLEEEEING.
 25114 | Snake:4  | Reached skill level 18 in Dodging
 25125 | Snake:4  | Received a gift from Okawaru
 25166 | Snake:4  | Got a serpentine rune of Zot
 25460 | Snake:4  | 25460 ||| PLANNING VAULTS:1-4
 25460 | Snake:4  | 25460 ||| DROPPING +1 leather armour of willpower.
 25831 | Vaults:1 | Entered Level 1 of the Vaults
 25832 | Vaults:1 | 25832 ||| PLANNING WIZLAB
 25938 | Vaults:1 | 25938 ||| ZAPPING wand of light (8) at 0,2 (vault guard;
                  | floor).
 25939 | Vaults:1 | 25939 ||| ZAPPING wand of light (7) at 1,2 (vault guard;
                  | floor).
 25940 | Vaults:1 | 25940 ||| ZAPPING wand of light (6) at 2,3 (vault guard;
                  | floor).
 25941 | Vaults:1 | 25941 ||| ZAPPING wand of light (5) at 3,4 (vault guard;
                  | floor).
 25942 | Vaults:1 | 25942 ||| ZAPPING wand of light (4) at 4,5 (vault guard;
                  | floor).
 25944 | Vaults:1 | 25944 ||| INVOKING Finesse.
 26095 | Vaults:1 | 26095 ||| RETREEEEATING.
 26096 | Vaults:1 | 26096 ||| RETREEEEATING.
 26097 | Vaults:1 | 26097 ||| RETREEEEATING.
 26098 | Vaults:1 | 26098 ||| FLEEEEING.
 26099 | Vaults:1 | 26099 ||| FLEEEEING.
 26100 | Vaults:1 | 26100 ||| FLEEEEING.
 26101 | Vaults:1 | 26101 ||| FLEEEEING.
 26102 | Vaults:1 | 26102 ||| FLEEEEING.
 26104 | Vaults:1 | 26104 ||| RETREEEEATING.
 26105 | Vaults:1 | 26105 ||| RETREEEEATING.
 26106 | Vaults:1 | 26106 ||| RETREEEEATING.
 26107 | Vaults:1 | 26107 ||| RETREEEEATING.
 26108 | Vaults:1 | 26108 ||| RETREEEEATING.
 26109 | Vaults:1 | 26109 ||| RETREEEEATING.
 26110 | Vaults:1 | 26110 ||| RETREEEEATING.
 26111 | Vaults:1 | 26111 ||| RETREEEEATING.
 26112 | Vaults:1 | 26112 ||| RETREEEEATING.
 26113 | Vaults:1 | 26113 ||| RETREEEEATING.
 26114 | Vaults:1 | 26114 ||| RETREEEEATING.
 26115 | Vaults:1 | 26115 ||| RETREEEEATING.
 26118 | Vaults:1 | 26118 ||| RETREEEEATING.
 26120 | Vaults:1 | 26120 ||| RETREEEEATING.
 26121 | Vaults:1 | 26121 ||| RETREEEEATING.
 26122 | Vaults:1 | 26122 ||| RETREEEEATING.
 26124 | Vaults:1 | 26124 ||| RETREEEEATING.
 26125 | Vaults:1 | 26125 ||| RETREEEEATING.
 26126 | Vaults:1 | 26126 ||| RETREEEEATING.
 26127 | Vaults:1 | 26127 ||| RETREEEEATING.
 26128 | Vaults:1 | 26128 ||| RETREEEEATING.
 26129 | Vaults:1 | 26129 ||| RETREEEEATING.
 26130 | Vaults:1 | 26130 ||| RETREEEEATING.
 26132 | Vaults:1 | 26132 ||| RETREEEEATING.
 26139 | Vaults:1 | HP: 28/142 [phantasmal warrior (23)]
 26140 | Vaults:1 | 26140 ||| READING 19 scrolls of teleportation.
 26184 | Vaults:1 | Reached skill level 15 in Fighting
 26480 | Vaults:1 | Identified the +5 sling of Potaemm {flame, Str+7}
 26480 | Vaults:1 | Identified the amulet "Iliana" {Acrobat Harm Will++ Slay+2
                  | SInv}
 26486 | Vaults:1 | Received a gift from Okawaru
 26525 | Vaults:1 | 26525 ||| RIP WIZLAB
 26533 | Vaults:1 | 26533 ||| PLANNING VAULTS:1-4
 26611 | Vaults:1 | 26611 ||| RETREEEEATING.
 26613 | Vaults:1 | 26613 ||| RETREEEEATING.
 26614 | Vaults:1 | 26614 ||| RETREEEEATING.
 26615 | Vaults:1 | 26615 ||| RETREEEEATING.
 26617 | Vaults:1 | 26617 ||| RETREEEEATING.
 26840 | Vaults:1 | Identified the staff of the Grave {rF+ Int+3 Fire}
 26841 | Vaults:1 | Identified the staff "Omyemnug" {Str+2 Dex+4 Conj}
 26937 | Vaults:1 | Identified the +0 arbalest of Lust {drain, Dex+3}
 26972 | Vaults:1 | 26972 ||| DRINKING potion of resistance.
 26973 | Vaults:1 | 26973 ||| INVOKING Finesse.
 27057 | Vaults:1 | 27057 ||| FLEEEEING.
 27058 | Vaults:1 | 27058 ||| FLEEEEING.
 27060 | Vaults:1 | 27060 ||| FLEEEEING.
 27061 | Vaults:1 | 27061 ||| FLEEEEING.
 27062 | Vaults:1 | 27062 ||| FLEEEEING.
 27063 | Vaults:1 | 27063 ||| FLEEEEING.
 27064 | Vaults:1 | 27064 ||| FLEEEEING.
 27065 | Vaults:1 | 27065 ||| FLEEEEING.
 27066 | Vaults:1 | 27066 ||| FLEEEEING.
 27067 | Vaults:1 | 27067 ||| FLEEEEING.
 27068 | Vaults:1 | 27068 ||| FLEEEEING.
 27069 | Vaults:1 | 27069 ||| FLEEEEING.
 27070 | Vaults:1 | 27070 ||| FLEEEEING.
 27075 | Vaults:1 | 27075 ||| RETREEEEATING.
 27076 | Vaults:1 | 27076 ||| RETREEEEATING.
 27077 | Vaults:1 | 27077 ||| RETREEEEATING.
 27078 | Vaults:1 | 27078 ||| RETREEEEATING.
 27079 | Vaults:1 | 27079 ||| RETREEEEATING.
 27080 | Vaults:1 | 27080 ||| RETREEEEATING.
 27081 | Vaults:1 | 27081 ||| RETREEEEATING.
 27082 | Vaults:1 | 27082 ||| RETREEEEATING.
 27098 | Vaults:1 | 27098 ||| FLEEEEING.
 27099 | Vaults:1 | 27099 ||| FLEEEEING.
 27100 | Vaults:1 | 27100 ||| FLEEEEING.
 27101 | Vaults:1 | 27101 ||| FLEEEEING.
 27102 | Vaults:1 | 27102 ||| FLEEEEING.
 27106 | Vaults:1 | 27106 ||| FLEEEEING.
 27107 | Vaults:1 | 27107 ||| FLEEEEING.
 27108 | Vaults:1 | 27108 ||| FLEEEEING.
 27109 | Vaults:1 | 27109 ||| FLEEEEING.
 27110 | Vaults:1 | 27110 ||| FLEEEEING.
 27113 | Vaults:1 | 27113 ||| FLEEEEING.
 27114 | Vaults:1 | 27114 ||| FLEEEEING.
 27115 | Vaults:1 | 27115 ||| FLEEEEING.
 27116 | Vaults:1 | 27116 ||| FLEEEEING.
 27117 | Vaults:1 | 27117 ||| FLEEEEING.
 27121 | Vaults:1 | 27121 ||| FLEEEEING.
 27122 | Vaults:1 | 27122 ||| FLEEEEING.
 27123 | Vaults:1 | 27123 ||| FLEEEEING.
 27124 | Vaults:1 | 27124 ||| FLEEEEING.
 27125 | Vaults:1 | 27125 ||| FLEEEEING.
 27126 | Vaults:1 | 27126 ||| FLEEEEING.
 27127 | Vaults:1 | 27127 ||| FLEEEEING.
 27128 | Vaults:1 | 27128 ||| FLEEEEING.
 27129 | Vaults:1 | 27129 ||| FLEEEEING.
 27130 | Vaults:1 | 27130 ||| FLEEEEING.
 27131 | Vaults:1 | 27131 ||| FLEEEEING.
 27132 | Vaults:1 | 27132 ||| FLEEEEING.
 27133 | Vaults:1 | 27133 ||| FLEEEEING.
 27134 | Vaults:1 | 27134 ||| FLEEEEING.
 27135 | Vaults:1 | 27135 ||| FLEEEEING.
 27136 | Vaults:1 | 27136 ||| FLEEEEING.
 27137 | Vaults:1 | 27137 ||| FLEEEEING.
 27138 | Vaults:1 | 27138 ||| FLEEEEING.
 27139 | Vaults:1 | 27139 ||| FLEEEEING.
 27140 | Vaults:1 | 27140 ||| FLEEEEING.
 27141 | Vaults:1 | 27141 ||| FLEEEEING.
 27142 | Vaults:1 | 27142 ||| FLEEEEING.
 27143 | Vaults:1 | 27143 ||| FLEEEEING.
 27144 | Vaults:1 | 27144 ||| FLEEEEING.
 27145 | Vaults:1 | 27145 ||| FLEEEEING.
 27146 | Vaults:1 | 27146 ||| FLEEEEING.
 27147 | Vaults:1 | 27147 ||| FLEEEEING.
 27148 | Vaults:1 | 27148 ||| FLEEEEING.
 27154 | Vaults:1 | 27154 ||| FLEEEEING.
 27155 | Vaults:1 | 27155 ||| FLEEEEING.
 27156 | Vaults:1 | 27156 ||| FLEEEEING.
 27157 | Vaults:1 | 27157 ||| FLEEEEING.
 27160 | Vaults:1 | 27160 ||| FLEEEEING.
 27161 | Vaults:1 | 27161 ||| FLEEEEING.
 27162 | Vaults:1 | 27162 ||| STAIRDANCE
 27604 | Vaults:2 | Identified the serpent talisman of the Mind {rC- Str+4
                  | Int+2 Dex+2}
 27604 | Vaults:2 | Noticed Aizul
 27613 | Vaults:2 | Killed Aizul
 27614 | Vaults:2 | Reached XP level 20. HP: 149/149 MP: 0/0
 27660 | Vaults:2 | Found Deasha's Weapon Boutique.
 27663 | Vaults:2 | 27663 ||| FLEEEEING.
 27664 | Vaults:2 | 27664 ||| FLEEEEING.
 27665 | Vaults:2 | 27665 ||| FLEEEEING.
 27666 | Vaults:2 | 27666 ||| FLEEEEING.
 27667 | Vaults:2 | 27667 ||| FLEEEEING.
 27688 | Vaults:2 | 27688 ||| FLEEEEING.
 27689 | Vaults:2 | 27689 ||| FLEEEEING.
 27690 | Vaults:2 | 27690 ||| FLEEEEING.
 27691 | Vaults:2 | 27691 ||| FLEEEEING.
 27692 | Vaults:2 | 27692 ||| FLEEEEING.
 27693 | Vaults:2 | 27693 ||| FLEEEEING.
 27694 | Vaults:2 | 27694 ||| FLEEEEING.
 27695 | Vaults:2 | 27695 ||| FLEEEEING.
 27697 | Vaults:2 | 27697 ||| FLEEEEING.
 27698 | Vaults:2 | 27698 ||| FLEEEEING.
 27699 | Vaults:2 | 27699 ||| FLEEEEING.
 27700 | Vaults:2 | 27700 ||| FLEEEEING.
 27701 | Vaults:2 | 27701 ||| FLEEEEING.
 27702 | Vaults:2 | 27702 ||| FLEEEEING.
 27703 | Vaults:2 | 27703 ||| FLEEEEING.
 27704 | Vaults:2 | 27704 ||| FLEEEEING.
 27705 | Vaults:2 | 27705 ||| FLEEEEING.
 27707 | Vaults:2 | 27707 ||| FLEEEEING.
 27708 | Vaults:2 | 27708 ||| FLEEEEING.
 27709 | Vaults:2 | 27709 ||| FLEEEEING.
 27710 | Vaults:2 | 27710 ||| FLEEEEING.
 27711 | Vaults:2 | 27711 ||| FLEEEEING.
 27713 | Vaults:2 | 27713 ||| FLEEEEING.
 27715 | Vaults:2 | 27715 ||| FLEEEEING.
 27716 | Vaults:2 | 27716 ||| FLEEEEING.
 27719 | Vaults:2 | 27719 ||| FLEEEEING.
 27720 | Vaults:2 | 27720 ||| FLEEEEING.
 27721 | Vaults:2 | 27721 ||| FLEEEEING.
 27722 | Vaults:2 | 27722 ||| FLEEEEING.
 27723 | Vaults:2 | 27723 ||| FLEEEEING.
 27724 | Vaults:2 | 27724 ||| FLEEEEING.
 27725 | Vaults:2 | 27725 ||| FLEEEEING.
 27726 | Vaults:2 | 27726 ||| FLEEEEING.
 27727 | Vaults:2 | 27727 ||| FLEEEEING.
 27728 | Vaults:2 | 27728 ||| STAIRDANCE
 27820 | Vaults:2 | 27820 ||| STAIRDANCE
 27827 | Vaults:2 | 27827 ||| STAIRDANCE
 27847 | Vaults:2 | 27847 ||| STAIRDANCE
 27891 | Vaults:2 | Found a staircase to the Crypt.
 27891 | Vaults:2 | Found a basalt altar of Yredelemnul.
 27892 | Vaults:2 | 27892 ||| RETREEEEATING.
 28043 | Vaults:2 | Received a gift from Okawaru
 28143 | Vaults:2 | Found Lacet's Weapon Emporium.
 28198 | Vaults:2 | Found Difael's Armour Boutique.
 28224 | Vaults:2 | 28224 ||| DRINKING potion of mutation.
 28224 | Vaults:2 | Lost mutation: You are very agile. (Dex +8, Str/Int -2)
                  | [potion of mutation]
 28224 | Vaults:2 | Lost mutation: You possess an exceptional clarity of mind.
                  | [potion of mutation]
 28224 | Vaults:2 | Lost mutation: You are agile. (Dex +4, Str/Int -1) [potion
                  | of mutation]
 28224 | Vaults:2 | Gained mutation: You sometimes lose your temper in combat.
                  | [potion of mutation]
 28224 | Vaults:2 | Gained mutation: You have a pair of small horns on your
                  | head. [potion of mutation]
 28224 | Vaults:2 | Gained mutation: You are robust. (+10% HP) [potion of
                  | mutation]
 28382 | Vaults:2 | 28382 ||| FLEEEEING.
 28383 | Vaults:2 | 28383 ||| FLEEEEING.
 28386 | Vaults:2 | 28386 ||| FLEEEEING.
 28387 | Vaults:2 | 28387 ||| FLEEEEING.
 28388 | Vaults:2 | 28388 ||| FLEEEEING.
 28389 | Vaults:2 | 28389 ||| FLEEEEING.
 28390 | Vaults:2 | 28390 ||| FLEEEEING.
 28391 | Vaults:2 | 28391 ||| FLEEEEING.
 28392 | Vaults:2 | 28392 ||| FLEEEEING.
 28393 | Vaults:2 | 28393 ||| FLEEEEING.
 28394 | Vaults:2 | 28394 ||| FLEEEEING.
 28395 | Vaults:2 | 28395 ||| FLEEEEING.
 28396 | Vaults:2 | 28396 ||| FLEEEEING.
 28397 | Vaults:2 | 28397 ||| FLEEEEING.
 28398 | Vaults:2 | 28398 ||| FLEEEEING.
 28399 | Vaults:2 | 28399 ||| FLEEEEING.
 28400 | Vaults:2 | 28400 ||| FLEEEEING.
 28401 | Vaults:2 | 28401 ||| FLEEEEING.
 28402 | Vaults:2 | 28402 ||| FLEEEEING.
 28403 | Vaults:2 | 28403 ||| FLEEEEING.
 28404 | Vaults:2 | 28404 ||| STAIRDANCE
 28457 | Vaults:1 | 28457 ||| DROPPING +2 helmet.
 28502 | Vaults:2 | Found Dar Jeam's Armour Shop.
 28507 | Vaults:2 | 28507 ||| BUYING +2 leather armour of fire resistance (380
                  | gold).
 28507 | Vaults:2 | Bought a +2 leather armour of fire resistance for 380 gold
                  | pieces
 28683 | Vaults:2 | Found Zezil Ugei's Book Boutique.
 28801 | Vaults:3 | 28801 ||| PLANNING DESOLATION
 28886 | Vaults:3 | Reached skill level 20 in Ranged Weapons
 29006 | Vaults:3 | HP: 24/163 [ironbound frostheart/creeping frost (39)]
 29007 | Vaults:3 | 29007 ||| READING 19 scrolls of teleportation.
 29007 | Vaults:3 | Killed from afar by an ironbound frostheart

Levels and vault maps discovered:
D:1:      amcnicky_arrival_double_pillar, layout_basic
D:2:      layout_basic, minmay_lizard_king, uniq_sigmund
D:3:      layout_basic, minmay_misc_feat_columns, serial_bayou_ford_a
D:4:      layout_loops_ring, minmay_temple_entry_nine_rooms,
          portal_sewer_entry_b
D:5:      layout_basic, mainiacjoe_overflow_alcove_4,
          nicolae_wu_jian_wuxing_cycle, serial_shops, nicolae_lakefront_shop,
          nicolae_shop_sticking_my_neck_out
D:6:      layout_basic, mainiacjoe_overflow_catwalk
D:7:      layout_loops_ring, mainiacjoe_overflow_swirl
D:8:      layout_loops_ring, mainiacjoe_overflow_24_doors,
          minmay_diamond_spiral, uniq_maurice
D:9:      layout_basic
D:10:     layout_gridville, david_orc_2, serial_shops, shop,
          minmay_guarded_unrand_staff_of_olgreb, uniq_sonja
D:11:     nzn_winding_woodlands_stair_trap
          [nzn_winding_woodlands_5x15_lazy_stream,
          nzn_winding_woodlands_5x15_river_crossing,
          nzn_winding_woodlands_5x15_jagged,
          nzn_winding_woodlands_15x15_five_gardens,
          nzn_winding_woodlands_5x15_garden, nzn_winding_woodlands_5x15_parted,
          nzn_winding_woodlands_5x15_sidewinder], layout_long_grid,
          erik_lair_dragon
D:12:     layout_cave_pods, uniq_nessos
D:13:     layout_basic
D:14:     layout_irregular_city, skrybe_vaults_entry_preservation,
          okawaru_metal_pillars_1_2
D:15:     gammafunk_depths_entry_grave, layout_stronghold,
          chequers_serial_rivers_room_a, minmay_rotating_lava, uniq_louise
Temple:   nicolae_temple_elliptical
Lair:1:   layout_concentric_octagons, nicolae_quartered_pool_impasse,
          lemuel_fruit_tree, grunt_megastairs_5, uniq_maggie
Lair:2:   layout_roguey, infiniplex_staircase_pool, serial_bayou_shore_b,
          grunt_megastairs_3, serial_bayou_shore_b
Lair:3:   layout_long_grid, elwin_shoals_entry_rooms,
          nicolae_snake_entry_warm_welcome, kennysheep_snail_temple,
          grunt_megastairs_1
Lair:4:   layout_cellular_growth, nicolae_slime_entry_field_trip
Lair:5:   evilmike_catoblepas_cave, layout_regular_city
Shoals:1: layout_shoals
Shoals:2: layout_shoals, portal_ice_cave_entry_pillars_four
Shoals:3: nicolae_shoals_aurelia_aurita, layout_shoals,
          nicolae_shoals_the_drawing_of_the_three, uniq_ilsuiw
Snake:1:  layout_chambers, gammafunk_ghost_berserking_beasts
Snake:2:  layout_layer_cave, special_room
Snake:3:  nicolae_snake_nest, layout_onion, serial_shops, shop
Snake:4:  grunt_snake_rune_serpentine_throne, layout_concentric_octagons,
          uniq_bai_suzhen, uniq_mlioglotl, uniq_donald, uniq_vashnia
Orc:1:    layout_caves, serial_shops, shop
Orc:2:    st_orc_mages, layout_caves, uniq_saint_roka
Vaults:1: mu_enter_wizlab_3, v_misc_3, nicolae_vaults_yaktaur_gun_rack,
          nicolae_vaults_apartment_1, ontoclasm_vaults_idyll,
          ontoclasm_vaults_twist, vaults_room_pools,
          nicolae_vaults_tetromino_Z_1, nicolae_vaults_storing_the_good_stuff,
          ontoclasm_vaults_pinch, nicolae_vaults_house_3, layout_vaults_omnigrid
Vaults:2: v_misc_2, hangedman_vaults_locks, vaults_dpeg_emergency_exit,
          minmay_crypt_entry_necro_gods, vaults_room_semicircle,
          nicolae_vaults_circle_grid_b, nicolae_vaults_house_1,
          nicolae_vaults_little_squares_4, nicolae_vaults_double_plus_2,
          hangedman_vaults_capsules, layout_vaults_omnicross, serial_shops,
          nicolae_shop_statue_plus, nicolae_shop_behind_doors, shop, shop,
          nicolae_shop_behind_doors, uniq_aizul
Vaults:3: portal_desolation_entry_twin_temple, hangedman_vaults_trim,
          nicolae_vaults_heist, v_alt_pattern_4, nicolae_vaults_network_quincunx
          [nicolae_vaults_network_quincunx_subvault,
          nicolae_vaults_network_quincunx_subvault,
          nicolae_vaults_network_quincunx_subvault,
          nicolae_vaults_network_quincunx_subvault,
          nicolae_vaults_network_quincunx_subvault], vaults_dpeg_diagonal,
          vaults_dpeg_encased_lava, v_pattern_5, nicolae_vaults_border_crossing,
          v_alt_pattern_4, hangedman_vaults_stagger,
          nicolae_vaults_tetromino_L_2, nicolae_vaults_double_plus_2,
          vaults_room_ringed_pool, layout_vaults_maze_snakey

Skill      XL: |  1  2  3  4  5  6  7  8  9 10 11 12 13 14 15 16 17 18 19 20 |
---------------+-------------------------------------------------------------+-----
Ranged Weapons | 4 5 7 8 9 10 11 12 14 15 17 18 19 20 | 20.0
Fighting       | 3 4 5 7 8 9 10 11 12 13 14 15 | 15.2
Dodging        | 5 8 9 10 11 12 13 14 15 17 18 | 18.5
Armour         | 1 2 3 6 7 8 9 10 | 10.0
Invocations    | 1 4 8 10 | 10.0
Stealth        | |  0.7

Action                     |  1- 3 |  4- 6 |  7- 9 | 10-12 | 13-15 | 16-18 | 19-21 || total
---------------------------+-------+-------+-------+-------+-------+-------+-------++-------
   Fire: Shortbow          |    79 |       |       |       |       |       |       ||    79
         Hand cannon       |     7 |    87 |   148 |   366 |    34 |       |       ||   642
         Heavy crossbow    |       |       |       |       |   376 |   535 |   230 ||  1141
 Invoke: Heroism           |       |       |     1 |     3 |     1 |       |       ||     5
         Finesse           |       |       |       |     8 |     7 |     8 |     4 ||    27
         Receive Weapon    |       |       |       |       |     1 |       |       ||     1
         Receive Armour    |       |       |       |       |     1 |       |       ||     1
  Evoke: Wand              |       |       |       |     3 |       |     2 |     5 ||    10
    Use: Scroll            |     4 |     4 |    10 |     9 |     6 |     3 |     2 ||    38
         Potion            |       |     1 |     2 |     6 |     2 |     6 |     2 ||    19
 Armour: Leather armour    |    26 |    17 |       |       |       |       |       ||    43
         Ring mail         |       |    27 |     6 |       |       |       |       ||    33
         Troll leather arm |       |       |    46 |   144 |    30 |       |       ||   220
         Swamp dragon scal |       |       |       |       |   143 |   188 |    91 ||   422
  Dodge: Dodged            |    35 |    61 |    79 |   238 |   343 |   597 |   392 ||  1745
  Block: Other             |       |       |    11 |    47 |    70 |    85 |    45 ||   258
         Reflection        |       |       |     2 |     2 |     2 |    11 |    21 ||    38

Table legend:
 A = Non-vault XP
 B = Vault XP
 C = Vault XP percentage of total XP
 D = Non-vault monster count
 E = Vault monster count
 F = Vault count percentage of total count
                 A         B        C        D         E       F
            +---------+---------+-------+---------+---------+-------
      Total |  246035 |  122151 |  33.2 |     802 |     290 |  26.6
            +---------+---------+-------+---------+---------+-------
        D:1 |      44 |       0 |   0.0 |      25 |       0 |   0.0
        D:2 |      54 |     247 |  82.1 |      18 |       9 |  33.3
        D:3 |     100 |       0 |   0.0 |      26 |       0 |   0.0
        D:4 |     354 |       3 |   0.8 |      17 |       3 |  15.0
        D:5 |     439 |       0 |   0.0 |      20 |       0 |   0.0
        D:6 |    1108 |       0 |   0.0 |      20 |       0 |   0.0
        D:7 |    1587 |       0 |   0.0 |      16 |       0 |   0.0
        D:8 |     885 |    2122 |  70.6 |      19 |       5 |  20.8
        D:9 |    4148 |       0 |   0.0 |      26 |       0 |   0.0
       D:10 |    2410 |     926 |  27.8 |      16 |       7 |  30.4
       D:11 |    5951 |   10569 |  64.0 |      27 |      33 |  55.0
       D:12 |    6071 |    1019 |  14.4 |      20 |       1 |   4.8
       D:13 |    3416 |       0 |   0.0 |       9 |       0 |   0.0
       D:14 |   14392 |    5529 |  27.8 |      31 |      10 |  24.4
       D:15 |   16613 |   11873 |  41.7 |      32 |      22 |  40.7
     Lair:1 |    3807 |    1158 |  23.3 |      17 |       5 |  22.7
     Lair:2 |    7335 |    1075 |  12.8 |      33 |       2 |   5.7
     Lair:3 |   12362 |    3786 |  23.4 |      41 |      16 |  28.1
     Lair:4 |    5529 |     171 |   3.0 |      22 |       4 |  15.4
     Lair:5 |    9703 |   10905 |  52.9 |      41 |      23 |  35.9
   Shoals:1 |   14593 |       0 |   0.0 |      27 |       0 |   0.0
   Shoals:2 |   17535 |       0 |   0.0 |      36 |       0 |   0.0
   Shoals:3 |   10883 |    3628 |  25.0 |      20 |       6 |  23.1
    Snake:1 |    8709 |       0 |   0.0 |      16 |       0 |   0.0
    Snake:2 |   13863 |       0 |   0.0 |      27 |       0 |   0.0
    Snake:3 |   10289 |       0 |   0.0 |      27 |       0 |   0.0
    Snake:4 |   17753 |   41267 |  69.9 |      32 |      48 |  60.0
      Orc:1 |    2958 |       0 |   0.0 |      33 |       0 |   0.0
      Orc:2 |    4822 |    9518 |  66.4 |      43 |      61 |  58.7
   Vaults:1 |   25354 |   10006 |  28.3 |      31 |      15 |  32.6
   Vaults:2 |   15420 |    6518 |  29.7 |      24 |       9 |  27.3
   Vaults:3 |    7548 |    1496 |  16.5 |      10 |       2 |  16.7
      Sewer |       0 |     335 | 100.0 |       0 |       9 | 100.0
            +---------+---------+-------+---------+---------+-------
